 Dungeon Crawl Stone Soup version 0.28.0-45-g0d030f2227 (webtiles) character file.

Game seed: 11016610726649814208

19338 101zpm the Gelid (level 12, -4/92 HPs)
             Began as a White Draconian Ice Elementalist on Apr 18, 2022.
             Was a Believer of Sif Muna.
             Slain by a freezing wraith (11 damage)
             ... led by a death knight
             ... on level 9 of the Dungeon.
             The game lasted 01:23:36 (22854 turns).

101zpm the Gelid (DrIE)                            Turns: 22854, Time: 01:23:36

Health: -4/92      AC: 14    Str: 10    XL:     12   Next: 35%
Magic:  27/27      EV: 13    Int: 27    God:    Sif Muna [**....]
Gold:   708        SH:  4    Dex: 12    Spells: 12/33 levels left

rFire   . . .      SeeInvis .   l - +2 short sword of Vanity {elec, rElec rPois Stlth+}
rCold   + . .      Faith    .   F - +0 buckler
rNeg    . . .      Spirit   .   (armour unavailable)
rPois   +          Reflect  .   (helmet restricted)
rElec   +          Harm     .   w - +0 cloak
rCorr   .          Rampage  .   (no gloves)
Will    .....                   v - +0 pair of boots
Stlth   ++++......              (no amulet)
HPRegen 0.25/turn               a - +6 ring of intelligence
MPRegen 0.20/turn               f - +4 ring of protection

@: short of breath
A: breathe frost, AC +8, unfitting armour, cold resistance 1, cold-blooded
a: Breathe Frost, Renounce Religion, Channel Magic


You were on level 9 of the Dungeon.
You worshipped Sif Muna.
Sif Muna was pleased with you.
You visited 3 branches of the dungeon, and saw 14 of its levels.

You collected 708 gold pieces.

Inventory:

Hand Weapons
 l - the +2 short sword of Vanity (weapon) {elec, rElec rPois Stlth+}
   (You found it on level 4 of the Dungeon)

   It occasionally discharges a powerful burst of electricity upon striking a
   foe.
   rElec:     It insulates you from electricity.
   rPois:     It protects you from poison.
   Stlth:     It makes you more stealthy.
 H - a +2 falchion of protection
 I - a +5 mace
 J - a +5 halberd of freezing
 K - a +2 hand axe of flaming
 U - the +2 hand axe of Dismemberment {elec, rPois}
   (You found it on level 12 of the Dungeon)

   It occasionally discharges a powerful burst of electricity upon striking a
   foe.
   rPois:     It protects you from poison.
Missiles
 i - 47 poisoned darts
 s - 4 boomerangs of dispersal
 D - 208 stones
 E - 77 sling bullets
 L - 6 throwing nets
 T - 76 arrows
Armour
 v - a +0 pair of boots (worn)
 w - a +0 cloak (worn)
 F - a +0 buckler (worn)
Jewellery
 a - a +6 ring of intelligence (left hand)
 f - a +4 ring of protection (right hand)
 x - a +6 ring of intelligence
 y - a ring of see invisible
 A - a ring of magical power
Wands
 g - a wand of iceblast (5)
 h - a wand of acid (20)
 t - a wand of polymorph (17)
Scrolls
 b - a scroll of identify
 d - 4 scrolls of blinking
 e - 2 scrolls of immolation {unknown}
 j - 7 scrolls of teleportation
 k - 3 scrolls of silence
 n - 2 scrolls of vulnerability {unknown}
 o - 2 scrolls of enchant armour
 r - 2 scrolls of fear {unknown}
 z - 3 scrolls of noise {unknown}
 B - 3 scrolls of enchant weapon
 M - 2 scrolls of torment {unknown}
 S - a scroll of fog {unknown}
Potions
 c - a potion of berserk rage {unknown}
 m - 2 potions of heal wounds {unknown}
 p - 3 potions of resistance
 q - 2 potions of mutation {unknown}
 u - 2 potions of attraction {unknown}
 C - 4 potions of ambrosia
 G - a potion of might {unknown}
 P - 3 potions of haste
 Q - 2 potions of curing
 R - a potion of invisibility
Miscellaneous
 O - a phial of floods


   Skills:
 + Level 4.6 Fighting
 + Level 6.2 Short Blades
 + Level 2.1 Polearms
 + Level 5.6 Dodging
 + Level 5.2 Stealth
 + Level 1.5 Shields
 + Level 11.3 Spellcasting
 + Level 0.8 Conjurations
 + Level 2.1 Hexes
 + Level 15.0 Ice Magic


You had 12 spell levels left.
You knew the following spells:

 Your Spells              Type           Power      Damage    Failure   Level
a - Freeze                Ice            100%       1d11      0%          1
b - Frozen Ramparts       Ice            100%       1d12      1%          3
c - Ozocubu's Armour      Ice            77%        N/A       1%          3
d - Hailstorm             Conj/Ice       55%        3d12      1%          4
e - Tukima's Dance        Hex            26%        N/A       6%          3
f - Summon Ice Beast      Ice/Summ       54%        N/A       2%          4
g - Mephitic Cloud        Conj/Pois/Air  16%        N/A       13%         3

Your spell library contained the following spells:

 Spells                   Type           Power      Damage    Failure   Level
 Ice Form                 Ice/Tmut       54%        N/A       2%          4
 Corpse Rot               Necr/Air       30%        N/A       8%          2
 Gell's Gravitas          Tloc           15%        N/A       16%         3
 Ignite Poison            Fire/Tmut/Pois 15%        N/A       16%         3
 Teleport Other           Tloc           15%        N/A       16%         3
 Freezing Cloud           Conj/Ice/Air   21%        6-21      16%         5
 Dispel Undead            Necr           15%        3d10      45%         4
 Passage of Golubria      Tloc           15%        N/A       45%         4
 Yara's Violent Unravell  Hex/Tmut       10%        3d6       65%         5
 Death Channel            Necr           7%         N/A       100%        6
 Dispersal                Tloc           7%         N/A       100%        6


Dungeon Overview and Level Annotations

Branches:
Dungeon (12/15)            Temple (1/1) D:7            Lair (1/6) D:10
    Orc (0/2) D:11

Altars:
Ashenzari
Cheibriados
Dithmenos
Elyvilon
Fedhas
Gozag
Hepliaklqana
Kikubaaqudgha
Makhleb
Nemelex Xobeh
Okawaru
Qazlal
Ru
Sif Muna
Trog
Uskayaw
Vehumet
Wu Jian
Xom
Yredelemnul
Zin
The Shining One

Shops:
D:1 [

Annotations:
D:10 1 runed translucent door, Cykl0x's ghost, journeyman GrEE


Innate Abilities, Weirdness & Mutations

You can breathe waves of freezing cold which knock back foes.
Your icy white scales are hard. (AC +8)
You cannot fit into any form of body armour.
Your flesh is cold resistant. (rC+)
You are cold-blooded and may be slowed by cold attacks.


Message History

Your ice beast hits the freezing wraith but does no damage.
You block the freezing wraith's attack.
The freezing wraith hits you but does no damage.
Your ice beast hits the freezing wraith but does no damage.
Your ice beast hits the freezing wraith but does no damage.
The freezing wraith barely misses you. You block the freezing wraith's attack.
Your ice beast hits the freezing wraith but does no damage.
The freezing wraith hits you but does no damage.
The freezing wraith hits you.
* * * LOW HITPOINT WARNING * * *
Your ice beast hits the freezing wraith but does no damage.
The freezing wraith hits you but does no damage.
The freezing wraith closely misses you.
You feel yourself speed up.
Your ice beast barely misses the freezing wraith.
There is an open door here.
Your ice beast disappears in a puff of smoke!
There is a stone staircase leading down here.
The freezing wraith barely misses you. The freezing wraith hits you.
* * * LOW HITPOINT WARNING * * *
You climb downwards.
There is a stone staircase leading up here.
Aiming: Breathe Frost (2% risk of failure)
Press: ? - help, Shift-Dir - straight line, f - you That beam is likely to hit you.
Continue anyway?
Okay, then.
Aiming: Breathe Frost (2% risk of failure)
Press: ? - help, Shift-Dir - straight line, f - freezing wraith
Aim: a freezing wraith (71% to hit)
You exhale a wave of freezing cold.
The freezing breath hits the freezing wraith.
The freezing wraith completely resists.
The freezing wraith completely misses you.
The freezing wraith hits you but does no damage.
You block the freezing wraith's attack.
The freezing wraith hits you but does no damage.
The freezing wraith hits you!
* * * LOW HITPOINT WARNING * * *
The freezing wraith freezes you! You resist.
You die...

###....### #.## ######
#..# ##.# ##.# #..# #
##..# #### ##...#
...## ##.)[### ....##
##@..##.# [....##
####..W...##
......######.........#
.......##....#####.<.#
.........>#### #...#
.......#### ##.##
#.....## ### #######


You could see a freezing wraith.

Vanquished Creatures
  Harold (D:9)
  A hydra (D:12)
  A boulder beetle (D:11)
  Erica (D:10)
  A two-headed ogre (D:9)
  A skeletal warrior (D:12)
  A deep elf pyromancer (D:12)
  2 ugly things
  Maurice (D:9)
  A cane toad (Lair:1)
  Maggie (D:9)
  A komodo dragon (D:12)
  2 trolls (D:11)
  2 hornets
  A slime creature (D:12)
  39 yaks
  A shadow (D:10)
  A wyvern (D:7)
  2 wraiths (D:12)
  2 steam dragons
  3 vampire mosquitoes (D:11)
  3 water moccasins
  2 acid dragons (D:9)
  5 orc warriors
  2 hornet zombies
  2 ice beasts
  A sky beast (D:7)
  An ogre (D:6)
  A centaur (D:9)
  2 phantoms
  4 kobold brigands
  3 bullfrogs
  4 scorpions
  A water moccasin skeleton (D:6)
  3 killer bees (D:11)
  5 wights (D:8)
  8 electric eels
  A howler monkey (D:5)
  2 centaur zombies
  A hound (D:4)
  10 orc priests
  A jelly (D:5)
  A gnoll shaman (D:10)
  Jessica (D:3)
  Ijyb (D:4)
  Natasha (thrice) (D:4)
  2 iguanas
  9 orc wizards
  A hound skeleton (D:3)
  Robin (D:1)
  6 gnolls
  A howler monkey skeleton (D:6)
  5 adders
  A gnoll zombie (D:4)
  3 shadow imps
  A white imp (D:6)
  An ufetubus (D:4)
  An adder skeleton (D:4)
  2 worms
  A dart slug (D:1)
  43 orcs
  5 bats
  5 endoplasms
  A giant cockroach (D:2)
  15 goblins
  8 hobgoblins
  4 quokkas
  6 ball pythons
  6 frilled lizards
  22 kobolds
  7 rats
291 creatures vanquished.

Vanquished Creatures (collateral kills)
  A two-headed ogre (D:12)
  An unseen horror (D:12)
  A centaur (D:11)
  A howler monkey zombie (D:9)
  An orc zombie (D:4)
5 creatures vanquished.

Vanquished Creatures (others)
  2 dancing weapons
  A butterfly (D:7)
  4 fungi (D:7)
  8 plants (D:6)
15 creatures vanquished.

Grand Total: 311 creatures vanquished

Notes
Turn   | Place    | Note
-------+----------+-------------------------------------------
     0 | D:1      | 101zpm the Draconian Ice Elementalist began the quest for
                  | the Orb.
     0 | D:1      | Reached XP level 1. HP: 14/14 MP: 3/3
    14 | D:1      | Found Buosohy's Armour Shoppe.
   132 | D:2      | Reached XP level 2. HP: 14/20 MP: 0/5
   369 | D:2      | Noticed Robin
   459 | D:1      | Reached XP level 3. HP: 16/26 MP: 2/6
   786 | D:1      | Reached skill level 5 in Ice Magic
  1234 | D:1      | Killed Robin
  1393 | D:1      | Reached XP level 4. HP: 24/33 MP: 5/7
  2492 | D:4      | Noticed a hornet
  2498 | D:4      | Identified the +2 short sword of Vanity {elec, rElec rPois
                  | Stlth+}
  2527 | D:3      | Reached skill level 1 in Polearms
  2535 | D:3      | Found a faded altar of an unknown god.
  2648 | D:3      | Noticed Jessica
  2663 | D:3      | Killed Jessica
  2664 | D:3      | Reached XP level 5. HP: 28/39 MP: 7/9
  3064 | D:3      | Learned a level 3 spell: Frozen Ramparts
  3068 | D:3      | Learned a level 3 spell: Ozocubu's Armour
  3135 | D:4      | Reached skill level 1 in Short Blades
  3145 | D:4      | Found a transporter.
  3161 | D:4      | Noticed Ijyb
  3172 | D:4      | Killed Ijyb
  3479 | D:4      | Noticed a phantom
  3492 | D:3      | Reached XP level 6. HP: 34/46 MP: 2/10
  3585 | D:3      | Reached skill level 1 in Fighting
  3806 | D:4      | Paralysed by a hornet for 3 turns
  3808 | D:4      | Killed a hornet
  3809 | D:4      | Reached skill level 6 in Ice Magic
  3809 | D:4      | Your scales start taking on an icy white colour.
  3809 | D:4      | Reached skill level 7 in Ice Magic
  3809 | D:4      | Reached XP level 7. HP: 30/52 MP: 3/12
  3809 | D:4      | Gained mutation: Your flesh is cold resistant. (rC+) [White
                  | Draconian growth]
  4195 | D:4      | Noticed Natasha
  4206 | D:4      | Killed Natasha
  4340 | D:4      | Found a transporter.
  4521 | D:4      | Noticed Natasha
  4527 | D:4      | Killed Natasha
  4854 | D:4      | Found a glowing silver altar of Zin.
  4883 | D:5      | Entered Level 5 of the Dungeon
  5661 | D:4      | Noticed Natasha
  5996 | D:5      | Reached skill level 8 in Ice Magic
  5996 | D:5      | Reached XP level 8. HP: 58/59 MP: 14/14
  7209 | D:6      | Reached skill level 5 in Spellcasting
  7812 | D:5      | Reached skill level 9 in Ice Magic
  8138 | D:5      | Learned a level 4 spell: Hailstorm
  8158 | D:4      | Killed Natasha
  8744 | D:7      | Found a staircase to the Ecumenical Temple.
  9029 | D:7      | Reached XP level 9. HP: 58/67 MP: 8/17
  9862 | D:8      | Reached skill level 10 in Ice Magic
 10089 | D:8      | Reached skill level 5 in Short Blades
 10096 | D:8      | Reached skill level 11 in Ice Magic
 10096 | D:8      | Reached XP level 10. HP: 69/77 MP: 5/20
 11097 | D:8      | Reached skill level 12 in Ice Magic
 11736 | D:9      | Noticed a two-headed ogre
 11822 | Temple   | Entered the Ecumenical Temple
 11887 | Temple   | Became a worshipper of Sif Muna the Loreminder
 11956 | D:9      | Learned a level 3 spell: Tukima's Dance
 12330 | D:9      | Killed a two-headed ogre
 12631 | D:9      | Noticed Maurice
 12656 | D:9      | Killed Maurice
 12657 | D:9      | Reached skill level 1 in Shields
 12688 | D:9      | Noticed Harold
 12728 | D:9      | Killed Harold
 12754 | D:9      | Reached XP level 11. HP: 42/83 MP: 1/24
 12768 | D:9      | Reached skill level 13 in Ice Magic
 13215 | D:9      | Reached * piety under Sif Muna
 13358 | D:9      | Reached skill level 5 in Dodging
 13475 | D:9      | Noticed Maggie
 13493 | D:9      | Killed Maggie
 13801 | D:10     | Entered Level 10 of the Dungeon
 13864 | D:10     | Found a staircase to the Lair.
 13934 | D:10     | Noticed Erica
 13954 | D:10     | Killed Erica
 14245 | D:10     | Reached skill level 5 in Stealth
 14526 | D:10     | Found a runed translucent door.
 14527 | D:10     | Found a shimmering altar of Xom.
 14527 | D:10     | Noticed a +2 flail of chaos
 14527 | D:10     | Noticed Cykl0x's ghost (journeyman GrEE)
 14617 | D:10     | Reached skill level 10 in Spellcasting
 15323 | D:11     | Found a blossoming altar of Fedhas.
 15599 | D:11     | Noticed a boulder beetle
 15611 | D:11     | Killed a boulder beetle
 15612 | D:11     | Reached skill level 14 in Ice Magic
 16378 | D:12     | Noticed a skeletal warrior
 16398 | D:12     | Killed a skeletal warrior
 16578 | D:12     | Noticed a death knight
 16990 | D:11     | Noticed a green ugly thing
 17018 | D:11     | Killed a green ugly thing
 17019 | D:11     | Reached skill level 1 in Hexes
 17253 | D:11     | Reached XP level 12. HP: 86/92 MP: 19/26
 17268 | D:11     | Reached ** piety under Sif Muna
 17532 | D:11     | Found a staircase to the Orcish Mines.
 18661 | Lair:1   | Entered Level 1 of the Lair of Beasts
 18835 | D:12     | Noticed a two-headed ogre
 18843 | D:12     | Killed a two-headed ogre
 20220 | D:12     | Noticed a seven-headed hydra
 20873 | D:12     | Killed a seven-headed hydra
 21463 | D:12     | Identified the +2 hand axe of Dismemberment {elec, rPois}
 21504 | D:12     | Reached skill level 15 in Ice Magic
 22050 | D:10     | Learned a level 4 spell: Summon Ice Beast
 22054 | D:10     | Learned a level 3 spell: Mephitic Cloud
 22854 | D:9      | Slain by a freezing wraith

Illustrated notes

Levels and vault maps discovered:
D:1:      onia_arrival_pentagram, layout_rooms, serial_shops, shop
D:2:      layout_loops_ring, uniq_robin
D:3:      layout_basic, ebering_ecumenical_altar_hall, uniq_jessica
D:4:      gammafunk_cloud_chamber, layout_basic, zin_treasury, uniq_ijyb,
          uniq_natasha
D:5:      layout_gridville, minmay_misc_feat_columns,
          eino_small_chamber_without_monster, minivault_4
D:6:      layout_loops_ring, serial_bayou_pond_b, serial_park_tiny_pond
D:7:      layout_loops_cross, minmay_temple_entry_butterflies,
          water_boxes_lemuel
D:8:      layout_basic, serial_rivers, chequers_serial_rivers_micro_c,
          chequers_serial_rivers_micro_d, chequers_serial_rivers_large_a,
          chequers_serial_rivers_micro_e, chequers_serial_rivers_room_a,
          chequers_serial_rivers_room_a, eino_small_chamber_without_monster
D:9:      layout_cave_pods, minivault_21, uniq_harold, uniq_maggie, uniq_maurice
D:10:     layout_basic, lair_entry_dummy, ebering_ghost_xom, eino_tiny_chamber,
          uniq_erica
D:11:     hellmonk_ruined_rings, layout_basic, hiddenorc2_lemuel, nicolae_wwwww,
          fedhas_ov_isle_minmay
D:12:     layout_basic, gauntlet_entry_generic, hangedman_decor_clover_reticule
Temple:   grunt_wide_crystal_templ
Lair:1:   layout_regular_city

Skill      XL: |  1  2  3  4  5  6  7  8  9 10 11 12 |
---------------+-------------------------------------+-----
Ice Magic      | 5 7 8 9 11 12 14 15 | 15.0
Polearms       | 1 2 |  2.1
Stealth        | 2 3 4 5 |  5.2
Dodging        | 2 3 4 5 |  5.6
Spellcasting   | 3 4 5 7 9 10 11 | 11.3
Short Blades   | 1 2 3 5 6 |  6.2
Fighting       | 1 2 3 4 |  4.6
Shields        | 1 |  1.5
Hexes          | 1 2 |  2.1
Conjurations   | |  0.8

Action                   |  1- 3 |  4- 6 |  7- 9 | 10-12 || total
-------------------------+-------+-------+-------+-------++-------
Melee: Unarmed           |    16 |       |       |       ||    16
       Tailslap          |     3 |     8 |    24 |    71 ||   106
       Spear             |     2 |    76 |       |       ||    78
       Short sword       |       |    50 |   170 |   265 ||   485
       Punch             |       |     2 |       |       ||     2
 Cast: Freeze            |    48 |    31 |    37 |    87 ||   203
       Frozen Ramparts   |       |     6 |    26 |    67 ||    99
       Ozocubu's Armour  |       |     2 |    11 |    37 ||    50
       Tukima's Dance    |       |       |       |    24 ||    24
       Hailstorm         |       |       |       |    27 ||    27
       Summon Ice Beast  |       |       |       |     8 ||     8
       Mephitic Cloud    |       |       |       |     1 ||     1
 Abil: Breathe Frost     |       |       |     1 |     2 ||     3
Evoke: Wand              |       |       |       |     3 ||     3
  Use: Scroll            |       |       |     4 |     3 ||     7
       Potion            |       |       |       |     3 ||     3
 Stab: Sleeping          |       |     8 |     8 |     1 ||    17
Armor: Skin              |    20 |    46 |    56 |   190 ||   312
Dodge: Dodged            |    46 |    70 |    98 |   211 ||   425
Block: Buckler           |       |       |     8 |    48 ||    56
